 Dungeon Crawl Stone Soup version 0.17.0-27-g4a3f43e (console) character file.

101 gw the Skirmisher (level 4, -17/35 HPs)
             Began as a Demonspawn Fighter on Nov 21, 2015.
             Was an Initiate of Dithmenos.
             Demolished by an ogre
             ... wielding a +0 giant club
              (22 damage)
             ... on level 4 of the Dungeon.
             The game lasted 00:02:12 (3323 turns).

gw the Skirmisher (Demonspawn Fighter)              Turns: 3323, Time: 00:02:12

Health: -17/35     AC:  9    Str: 19 (22) XL:     4   Next: 48%
Magic:  4/4        EV:  7    Int:  9      God:    Dithmenos [......]
Gold:   214        SH:  9    Dex: 13      Spells: 0 memorised, 3 levels left

rFire  + . .     SeeInvis .     a - +1 flail
rCold  . . .     Clarity  .     b - +0 scale mail
rNeg   . . .     SustAt   .     c - +0 shield
rPois  .         Gourm    .     (no helmet)
rElec  .         Spirit   .     n - +0 cloak
rCorr  .         Warding  .     (no gloves)
rMut   .         Stasis   .     f - +0 pair of boots
MR     .....                    (no amulet)
Stlth  ..........               (no ring)
                                (no ring)

@: mighty, not resistant to hostile enchantments, extremely unstealthy
A: claws 1, fire resistance 1
a: Renounce Religion


You were on level 4 of the Dungeon.
You worshipped Dithmenos.
Dithmenos was noncommittal.
You were not hungry.

You visited 1 branch of the dungeon, and saw 4 of its levels.

You collected 214 gold pieces.

Inventory:

Hand Weapons
 a - a +1 flail (weapon)
Missiles
 h - 2 javelins
 k - 43 stones (quivered)
Armour
 b - a +0 scale mail (worn)
 c - a +0 shield (worn)
 f - a +0 pair of boots (worn)
 n - a +0 cloak (worn)
Scrolls
 j - 3 scrolls of identify
 l - 2 scrolls of remove curse
Potions
 d - a potion of might
 o - a potion of magic
Comestibles
 e - 3 bread rations
 g - a meat ration
 i - a royal jelly


   Skills:
 + Level 3.3 Fighting
 * Level 2.9 Maces & Flails
 + Level 1.0 Throwing
 + Level 2.9 Armour
 * Level 1.3 Stealth
 + Level 3.1 Shields
 + Level 0.3 Invocations


You had 3 spell levels left.
You didn't know any spells.

Dungeon Overview and Level Annotations

Branches:
Dungeon (4/15)
 Temple: D:4-7

Altars:
Dithmenos
Okawaru
Xom
Yredelemnul
Zin


Innate Abilities, Weirdness & Mutations

You have sharp fingernails.
Your flesh is heat resistant.


Message History

The ogre hits you with a giant club!
MOVING TO (0,-3) MOVING TO (0,-2) MOVING TO (0,-1) MOVING TO (0,-1) MOVING TO (-1,-7) MOVING TO (-1,-6) MOVING TO (-1,-5) MOVING TO (-1,-4) MOVING TO (-1,-3) MOVING TO (-1,-2) MOVING TO (-1,-1)
There is a stone staircase leading up here.
MOVING TO (-2,0)
Found 14 gold pieces.
MOVING TO (-1,0) MOVING TO (0,-2)
The ogre hits you with a giant club!!
Ouch! That really hurt!
You die...

### #..
#.# #.#
#.# #.#
#$# .#
#6####.#
#.O<.#.#
####.#.##
#....####
#..#.....
#....###.
#.####
#.# #.#


You could see an ogre.

Table legend:
 A = Turns spent in this place as a percentage of turns spent in the entire game.
 B = Non-inter-level travel turns spent in this place as a percentage of non-inter-level travel turns spent in the entire game.
 C = Inter-level travel turns spent in this place as a percentage of turns spent in this place.
 D = Turns resting spent in this place as a percentage of non-inter-level travel turns spent in this place.
 E = Turns spent auto-exploring this place as a percentage of non-inter-level travel turns spent in this place.
 F = Non-inter-level travel turns spent in this place divided by the number of levels of this place that you've seen.
                   A       B       C       D       E      F
               +-------+-------+-------+-------+-------+----------------------
         Total | 100.0 | 100.0 |   0.2 |   1.0 |   2.5 | 1064.2
       Dungeon | 100.0 | 100.0 |   0.2 |   1.0 |   2.5 | 1064.2
               +-------+-------+-------+-------+-------+----------------------

Table legend:
 A = Kills in this place as a percentage of kills in entire the game.
 B = Kills by you in this place as a percentage of kills by you in the entire game.
 C = Kills by friends in this place as a percentage of kills by friends in the entire game.
 D = Other kills in this place as a percentage of other kills in the entire game.
 E = Experience gained in this place as a percentage of experience gained in the entire game.
 F = Experience gained in this place divided by the number of levels of this place that you have seen.
                   A       B       C       D       E      F
               +-------+-------+-------+-------+-------+----------------------
         Total | 100.0 | 100.0 |  -nan |  -nan | 100.0 |  36.2
       Dungeon | 100.0 | 100.0 |  -nan |  -nan | 100.0 |  36.2
               +-------+-------+-------+-------+-------+----------------------

Vanquished Creatures
  An orc priest (D:3)
  An adder (D:3)
  2 giant geckos
  7 orcs
  6 giant cockroaches
  3 goblins
  6 hobgoblins
  4 kobolds
  2 quokkas (D:3)
  4 ball pythons
  4 bats
  2 giant newts (D:2)
  5 jackals
  8 rats
55 creatures vanquished.

Notes
Turn   | Place    | Note
--------------------------------------------------------------
     0 | D:1      | gw the Demonspawn Fighter began the quest for the Orb.
     0 | D:1      | Reached XP level 1. HP: 18/18 MP: 1/1
   276 | D:1      | Gained mutation: Your flesh is heat resistant. [demonic ancestry]
   276 | D:1      | Reached XP level 2. HP: 21/24 MP: 2/2
  1104 | D:2      | Found a shimmering altar of Xom.
  1104 | D:2      | Found a glowing silver altar of Zin.
  1104 | D:2      | Noticed an angel
  1259 | D:2      | Reached XP level 3. HP: 29/29 MP: 3/3
  1613 | D:2      | Found a shadowy altar of Dithmenos.
  1613 | D:2      | Found a basalt altar of Yredelemnul.
  1614 | D:2      | Found an iron altar of Okawaru.
  1620 | D:2      | Became a worshipper of Dithmenos the Shadowed
  2591 | D:3      | Reached skill level 1 in Stealth
  2700 | D:3      | Gained mutation: You have sharp fingernails. [demonic ancestry]
  2700 | D:3      | Reached XP level 4. HP: 6/35 MP: 4/4
  2701 | D:3      | Reached skill level 1 in Throwing
  3288 | D:4      | Noticed an ogre
  3323 | D:4      | Demolished by an ogre

Action                   |  1- 3 |  4- 6 || total
-------------------------+-------+-------++-------
Melee: Flail             |   116 |    20 ||   136
Throw: Stone             |    48 |    11 ||    59
       Javelin           |    22 |     4 ||    26
  Use: Potion            |     9 |     2 ||    11
       Scroll            |     7 |       ||     7
  Eat: Chunk             |     6 |       ||     6
       Bread ration      |       |     1 ||     1

Vault maps used:
D:1:      grunt_arrival_lava_bath
D:2:      grunt_temple_overflow_order_and_chaos_1,
          gammafunk_temple_overflow_claw, first_bread
D:3:      kennysheep_generic_room_12
D:4:      sigmund_edmund_badplayer
